TOP OF THE 1ST |
Elizabethton Twins batting - Pitching for Seattle (APP) Mariners : LHP Aidan Smith
|
Pitching: LHP Aidan Smith
|
|
Batting: RHB Andrew Nicol
|
0-0: Foul Ball, location: 2F 0-1: Ball 1-1: Foul Ball, location: 2F 1-2: Foul Ball, location: 2F 1-2: Ground out 5-3 (Groundball, 5S, EV 83.1 MPH)
|
Batting: LHB David Campbell
|
0-0: Ball 1-0: Ball 2-0: Called Strike 2-1: Ground out 3-1 (Groundball, 34, EV 99.4 MPH)
|
Batting: RHB Jose Gracia
|
0-0: Called Strike 0-1: Ball 1-1: SINGLE (Groundball, 4MD, EV 96.9 MPH)
|
Batting: SHB Dan Morataya
|
0-0: Called Strike 0-1: Foul Ball, location: 2F 0-2: Foul Ball, location: 2F 0-2: Ball Jose Gracia is caught stealing 2nd base 2-4
|
Top of the 1st over - 0 runs, 1 hit, 0 errors, 0 left on base; Elizabethton 0 - Seattle (APP) 0 |
BOTTOM OF THE 1ST |
Seattle (APP) Mariners batting - Pitching for Elizabethton Twins : RHP Bud Puffer
|
Pitching: RHP Bud Puffer
|
|
Batting: RHB Kikuo Sato
|
0-0: Ground out 5-3 (Groundball, 5S, EV 89.4 MPH)
|
Batting: SHB Tony Morales
|
0-0: Ball 1-0: Ball 2-0: Foul Ball, location: 2F 2-1: Ball 3-1: Base on Balls
|
Batting: RHB Tze-meng Li
|
0-0: Ball 1-0: Called Strike Tony Morales steals 2nd base 1-1: TRIPLE (Flyball, 89XD, EV 106.9 MPH) Tony Morales scores
|
Batting: LHB Ryan Lowe
|
0-0: Foul Ball, location: 2F 0-1: Foul Ball, location: 2F 0-2: Ball 1-2: Foul Ball, location: 2F 1-2: SINGLE (Flyball, 8RS, EV 88.8 MPH) Tze-meng Li scores
|
Batting: RHB Chris Olheiser
|
0-0: Ball 1-0: Ball Balk! Ryan Lowe to second 2-0: Ball 3-0: Base on Balls
|
Pitching: RHP Jon Hice
|
|
Batting: RHB Enrique Valdez
|
0-0: Called Strike 0-1: SINGLE (Groundball, 56S, EV 72.5 MPH) (infield hit) Ryan Lowe to third Chris Olheiser to second
|
Batting: RHB Ivan Davila
|
0-0: Ball 1-0: Ball 2-0: SINGLE (Line Drive, 8RS, EV 92.5 MPH) Ryan Lowe scores Chris Olheiser to third Enrique Valdez to second
|
Batting: RHB John Vasquez
|
0-0: Fly out, F8 (Flyball, 8LD, EV 91.2 MPH)
|
Batting: RHB Houston Brock
|
0-0: Fielders Choice at 2nd, 6-4 (Groundball, 56, EV 91.2 MPH)
|
Bottom of the 1st over - 3 runs, 4 hits, 0 errors, 3 left on base; Elizabethton 0 - Seattle (APP) 3 |
TOP OF THE 2ND |
Elizabethton Twins batting - Pitching for Seattle (APP) Mariners : LHP Aidan Smith
|
Batting: SHB Dan Morataya
|
0-0: Called Strike 0-1: Foul Ball, location: 2F 0-2: Foul Ball, location: 2F 0-2: Foul Ball, location: 2F 0-2: Ball 1-2: Strikes out swinging
|
Batting: RHB Nick Phipps
|
0-0: Ball 1-0: Ball 2-0: DOUBLE (Line Drive, 3D, EV 96.9 MPH)
|
Batting: RHB Jimmy Mayville
|
0-0: Ball 1-0: Ball 2-0: DOUBLE (Flyball, 8RXD, EV 110.6 MPH) Nick Phipps scores
|
Batting: RHB Alex Belton
|
0-0: Ball 1-0: Ball 2-0: Ball 3-0: Called Strike 3-1: Base on Balls
|
Batting: LHB Jose Cotto
|
0-0: Called Strike 0-1: Ball 1-1: Ball 2-1: Foul Ball, location: 2F 2-2: Strikes out swinging
|
Batting: SHB Nate Januchowski
|
0-0: Called Strike 0-1: Ball 1-1: SINGLE (Line Drive, 6MD, EV 98.1 MPH) Jimmy Mayville to third Alex Belton to second Runner from 3rd tries for Home, throw by CF and OUT! 8-2
|
Top of the 2nd over - 1 run, 3 hits, 0 errors, 2 left on base; Elizabethton 1 - Seattle (APP) 3 |
BOTTOM OF THE 2ND |
Seattle (APP) Mariners batting - Pitching for Elizabethton Twins : RHP Jon Hice
|
Batting: RHB Kikuo Sato
|
0-0: Swinging Strike 0-1: Foul Ball, location: 2F 0-2: Foul Ball, location: 2F 0-2: Ground out 5-3 (Groundball, 5S, EV 87.5 MPH)
|
Batting: SHB Tony Morales
|
0-0: Foul Ball, location: 2F 0-1: Ball 1-1: Ball 2-1: Foul Ball, location: 2F 2-2: SINGLE (Line Drive, 56D, EV 104.4 MPH)
|
Batting: RHB Tze-meng Li
|
0-0: Ball Tony Morales steals 2nd base 1-0: Ball 2-0: Called Strike 2-1: Ground out 4-3 (Groundball, 4, EV 78.8 MPH) Tony Morales to third
|
Pitching: RHP Andrew Rich
|
|
Batting: LHB Ryan Lowe
|
0-0: Called Strike 0-1: Swinging Strike 0-2: Ball 1-2: Ball 2-2: Ball 3-2: Base on Balls
|
Batting: RHB Chris Olheiser
|
0-0: Swinging Strike 0-1: Called Strike 0-2: Ball 1-2: Ball 2-2: Ball 3-2: Base on Balls Ryan Lowe to second
|
Batting: RHB Enrique Valdez
|
0-0: Called Strike 0-1: Swinging Strike 0-2: Ball 1-2: Ball 2-2: Foul Ball, location: 2F 2-2: Ball 3-2: Base on Balls Tony Morales scores Ryan Lowe to third Chris Olheiser to second
|
Batting: RHB Ivan Davila
|
0-0: Fielders Choice at 2nd, U4 (Groundball, 6MD, EV 92.5 MPH)
|
Bottom of the 2nd over - 1 run, 1 hit, 0 errors, 3 left on base; Elizabethton 1 - Seattle (APP) 4 |
TOP OF THE 3RD |
Elizabethton Twins batting - Pitching for Seattle (APP) Mariners : LHP Aidan Smith
|
Batting: RHB Andrew Nicol
|
0-0: Called Strike 0-1: Hit by Pitch
|
Batting: LHB David Campbell
|
0-0: Fielders Choice at 2nd, 4-6 (Groundball, 4, EV 83.1 MPH)
|
Batting: RHB Jose Gracia
|
0-0: Ball 1-0: Called Strike 1-1: Swinging Strike 1-2: Strikes out swinging
|
Batting: SHB Dan Morataya
|
0-0: SINGLE (Groundball, 56D, EV 103.8 MPH) David Campbell to second
|
Batting: RHB Nick Phipps
|
0-0: Ball 1-0: Called Strike 1-1: Ball 2-1: Called Strike 2-2: Ball 3-2: Strikes out swinging
|
Top of the 3rd over - 0 runs, 1 hit, 0 errors, 2 left on base; Elizabethton 1 - Seattle (APP) 4 |
BOTTOM OF THE 3RD |
Seattle (APP) Mariners batting - Pitching for Elizabethton Twins : RHP Andrew Rich
|
Batting: RHB John Vasquez
|
0-0: Ball 1-0: Swinging Strike 1-1: Ball 2-1: Swinging Strike 2-2: Strikes out swinging
|
Batting: RHB Houston Brock
|
0-0: Called Strike 0-1: Ball 1-1: SINGLE (Groundball, 56, EV 100.0 MPH) (infield hit)
|
Batting: RHB Kikuo Sato
|
0-0: Ball 1-0: Called Strike 1-1: Ball Houston Brock steals 2nd base 2-1: Called Strike 2-2: SINGLE (Groundball, 6MD, EV 95.0 MPH) Houston Brock to third
|
Batting: SHB Tony Morales
|
0-0: Called Strike 0-1: Ball 1-1: Ball Kikuo Sato steals 2nd base 2-1: Ball 3-1: Called Strike 3-2: Ground out 4-3 (Groundball, 4M, EV 81.2 MPH) Houston Brock scores Kikuo Sato to third
|
Batting: RHB Tze-meng Li
|
0-0: DOUBLE (Line Drive, 78M, EV 103.1 MPH) Kikuo Sato scores
|
Batting: LHB Ryan Lowe
|
0-0: Ball 1-0: Called Strike 1-1: Ball 2-1: Foul Ball, location: 2F 2-2: DOUBLE (Line Drive, 7LD, EV 99.4 MPH) Tze-meng Li scores
|
Batting: RHB Chris Olheiser
|
0-0: Ball 1-0: Ball 2-0: Ball 3-0: Base on Balls
|
Batting: RHB Enrique Valdez
|
0-0: Foul Ball, location: 2F 0-1: 3-RUN HOME RUN (Flyball, 78XD, EV 105.6 MPH), Distance : 403 ft
|
Batting: RHB Ivan Davila
|
0-0: Called Strike 0-1: Ball 1-1: Ball 2-1: Swinging Strike 2-2: Ball 3-2: Foul Ball, location: 2F 3-2: Foul Ball, location: 2F 3-2: Base on Balls
|
Batting: RHB John Vasquez
|
0-0: Ball 1-0: Called Strike 1-1: Ball Wild Pitch! Ivan Davila to second 2-1: Ground out 1-3 (Groundball, 13S, EV 73.8 MPH)
|
Bottom of the 3rd over - 6 runs, 5 hits, 0 errors, 1 left on base; Elizabethton 1 - Seattle (APP) 10 |
TOP OF THE 4TH |
Elizabethton Twins batting - Pitching for Seattle (APP) Mariners : LHP Aidan Smith
|
Batting: RHB Jimmy Mayville
|
0-0: Foul Ball, location: 2F 0-1: Called Strike 0-2: Ball 1-2: Ball 2-2: Ball 3-2: Strikes out swinging
|
Batting: RHB Alex Belton
|
0-0: Foul Ball, location: 2F 0-1: Ground out 3-1 (Groundball, 34, EV 106.2 MPH)
|
Batting: LHB Jose Cotto
|
0-0: Foul Ball, location: 2F 0-1: Ball 1-1: Called Strike 1-2: Fly out, F7 (Flyball, 78S, EV 90.6 MPH)
|
Top of the 4th over - 0 runs, 0 hits, 0 errors, 0 left on base; Elizabethton 1 - Seattle (APP) 10 |
BOTTOM OF THE 4TH |
Seattle (APP) Mariners batting - Pitching for Elizabethton Twins : RHP Andrew Rich
|
Pitching: RHP Jorge Corte
|
|
Batting: RHB Houston Brock
|
0-0: Ball 1-0: Ball 2-0: Foul Ball, location: 2F 2-1: Ground out 5-3 (Groundball, 56, EV 106.2 MPH)
|
Batting: RHB Kikuo Sato
|
0-0: SINGLE (Flyball, 7LS, EV 92.5 MPH)
|
Batting: SHB Tony Morales
|
0-0: Ball Wild Pitch! Kikuo Sato to second 1-0: Foul Ball, location: 2F 1-1: Ball Wild Pitch! Kikuo Sato to third 2-1: Ball 3-1: Ground out 6-3 (Groundball, 6M, EV 98.1 MPH) Kikuo Sato scores
|
Batting: RHB Tze-meng Li
|
0-0: Ball 1-0: Ball 2-0: Ground out 6-3 (Groundball, 6, EV 88.8 MPH)
|
Bottom of the 4th over - 1 run, 1 hit, 0 errors, 0 left on base; Elizabethton 1 - Seattle (APP) 11 |
TOP OF THE 5TH |
Elizabethton Twins batting - Pitching for Seattle (APP) Mariners : LHP Aidan Smith
|
Batting: SHB Nate Januchowski
|
0-0: Foul Ball, location: 2F 0-1: Swinging Strike 0-2: Ball 1-2: Ball 2-2: Foul Ball, location: 2F 2-2: Ball 3-2: Foul Ball, location: 2F 3-2: Base on Balls
|
Batting: RHB Andrew Nicol
|
0-0: Called Strike 0-1: Ball 1-1: Foul Ball, location: 2F 1-2: Fly out, F8 (Flyball, 8RS, EV 86.9 MPH)
|
Batting: LHB David Campbell
|
0-0: SINGLE (Line Drive, 4MD, EV 96.2 MPH) Nate Januchowski to second
|
Batting: RHB Jose Gracia
|
0-0: DOUBLE (Line Drive, 7LD, EV 100.0 MPH) Nate Januchowski scores David Campbell to third
|
Batting: SHB Dan Morataya
|
0-0: Foul Ball, location: 2F 0-1: Ball 1-1: Ball 2-1: Called Strike 2-2: Ball 3-2: Foul Ball, location: 2F 3-2: Foul Ball, location: 2F 3-2: Base on Balls
|
Batting: RHB Nick Phipps
|
0-0: Ball 1-0: Ball 2-0: Ball 3-0: Base on Balls David Campbell scores Jose Gracia to third Dan Morataya to second
|
Batting: RHB Jimmy Mayville
|
0-0: Swinging Strike 0-1: Called Strike 0-2: Foul Ball, location: 2F 0-2: Ball 1-2: Strikes out swinging
|
Pitching: LHP Mitch Lewis
|
|
Batting: RHB Alex Belton
|
0-0: Ball 1-0: Ball 2-0: Ball 3-0: Called Strike 3-1: SINGLE (Line Drive, 7S, EV 111.2 MPH) Jose Gracia scores Dan Morataya to third Nick Phipps to second
|
Batting: LHB Jose Cotto
|
0-0: Ball 1-0: Foul Ball, location: 2F 1-1: Ball 2-1: Ball 3-1: Base on Balls Dan Morataya scores Nick Phipps to third Alex Belton to second
|
Batting: SHB Nate Januchowski
|
0-0: Called Strike 0-1: Swinging Strike 0-2: Ball 1-2: Strikes out looking
|
Top of the 5th over - 4 runs, 3 hits, 0 errors, 3 left on base; Elizabethton 5 - Seattle (APP) 11 |
BOTTOM OF THE 5TH |
Seattle (APP) Mariners batting - Pitching for Elizabethton Twins : RHP Jorge Corte
|
Batting: LHB Ryan Lowe
|
0-0: Ball 1-0: Foul Ball, location: 2F 1-1: Ball 2-1: Ground out 4-3 (Groundball, 4, EV 76.9 MPH)
|
Batting: RHB Chris Olheiser
|
0-0: Called Strike 0-1: Called Strike 0-2: DOUBLE (Flyball, 8LXD, EV 103.1 MPH)
|
Batting: RHB Enrique Valdez
|
0-0: Ball 1-0: Foul Ball, location: 2F 1-1: Foul Ball, location: 2F 1-2: Ball 2-2: Ball 3-2: Base on Balls
|
Batting: RHB Ivan Davila
|
0-0: Grounds into double play, 6-4-3 (Groundball, 6, EV 101.9 MPH)
|
Bottom of the 5th over - 0 runs, 1 hit, 0 errors, 1 left on base; Elizabethton 5 - Seattle (APP) 11 |
TOP OF THE 6TH |
Elizabethton Twins batting - Pitching for Seattle (APP) Mariners : LHP Mitch Lewis
|
Batting: RHB Andrew Nicol
|
0-0: Ball 1-0: Ball 2-0: Ball 3-0: Called Strike 3-1: Base on Balls
|
Pitching: RHP Harry Hammons
|
|
Batting: LHB David Campbell
|
0-0: Called Strike Andrew Nicol steals 2nd base 0-1: Ball 1-1: Ground out 4-3 (Groundball, 4, EV 90.6 MPH) Andrew Nicol to third
|
Batting: RHB Jose Gracia
|
0-0: Swinging Strike 0-1: Ball Wild Pitch! Andrew Nicol scores 1-1: Ball 2-1: Fly out, F3 (Popup, 3F, EV 78.8 MPH)
|
Batting: SHB Dan Morataya
|
0-0: Ball 1-0: Called Strike 1-1: Foul Ball, location: 2F 1-2: Foul Ball, location: 2F 1-2: Ball 2-2: Strikes out looking
|
Top of the 6th over - 1 run, 0 hits, 0 errors, 0 left on base; Elizabethton 6 - Seattle (APP) 11 |
BOTTOM OF THE 6TH |
Seattle (APP) Mariners batting - Pitching for Elizabethton Twins : RHP Jorge Corte
|
Batting: RHB John Vasquez
|
0-0: Ball 1-0: Ground out 6-3 (Groundball, 6, EV 78.8 MPH)
|
Batting: RHB Houston Brock
|
0-0: Ball 1-0: Ball 2-0: SINGLE (Groundball, 56S, EV 76.2 MPH) (infield hit)
|
Batting: RHB Kikuo Sato
|
0-0: Called Strike 0-1: Ball Houston Brock steals 2nd base 1-1: SINGLE (Groundball, 34D, EV 105.0 MPH) Houston Brock to third
|
Batting: SHB Tony Morales
|
0-0: Ball Kikuo Sato steals 2nd base (no throw) 1-0: Foul Ball, location: 2F 1-1: Foul Ball, location: 2F 1-2: Ball 2-2: Ball 3-2: Strikes out swinging
|
Batting: RHB Tze-meng Li
|
0-0: Foul Ball, location: 2F 0-1: Ball 1-1: Ground out 4-3 (Groundball, 4D, EV 101.9 MPH)
|
Bottom of the 6th over - 0 runs, 2 hits, 0 errors, 2 left on base; Elizabethton 6 - Seattle (APP) 11 |
TOP OF THE 7TH |
Elizabethton Twins batting - Pitching for Seattle (APP) Mariners : RHP Harry Hammons
|
Batting: RHB Nick Phipps
|
0-0: Ball 1-0: Ball 2-0: Ball 3-0: Called Strike 3-1: Base on Balls
|
Pitching: RHP Matt Lane
|
|
Batting: RHB Jimmy Mayville
|
0-0: Called Strike Nick Phipps steals 2nd base 0-1: Ball 1-1: Swinging Strike 1-2: Hit by Pitch
|
Batting: RHB Alex Belton
|
0-0: Foul Ball, location: 2F 0-1: Ball 1-1: Foul Ball, location: 2F 1-2: Grounds into double play, 4-6-3 (Groundball, 4, EV 95.0 MPH) Nick Phipps to third
|
Batting: LHB Jose Cotto
|
0-0: SINGLE (Line Drive, 3D, EV 100.6 MPH) Nick Phipps scores
|
Batting: SHB Nate Januchowski
|
0-0: Foul Ball, location: 2F 0-1: Ground out 4-3 (Groundball, 4, EV 102.5 MPH)
|
Top of the 7th over - 1 run, 1 hit, 0 errors, 1 left on base; Elizabethton 7 - Seattle (APP) 11 |
BOTTOM OF THE 7TH |
Seattle (APP) Mariners batting - Pitching for Elizabethton Twins : RHP Jorge Corte
|
Batting: LHB Ryan Lowe
|
0-0: Called Strike 0-1: Ball 1-1: Swinging Strike 1-2: Ground out 6-3 (Groundball, 6M, EV 93.1 MPH)
|
Batting: RHB Chris Olheiser
|
0-0: Ball 1-0: Called Strike 1-1: Ball 2-1: Ground out 4-3 (Groundball, 4M, EV 100.6 MPH)
|
Batting: RHB Enrique Valdez
|
0-0: Ball 1-0: Foul Ball, location: 2F 1-1: Foul Ball, location: 2F 1-2: Ball 2-2: Ball 3-2: Fly out, F9 (Flyball, 89S, EV 80.0 MPH)
|
Bottom of the 7th over - 0 runs, 0 hits, 0 errors, 0 left on base; Elizabethton 7 - Seattle (APP) 11 |
TOP OF THE 8TH |
Elizabethton Twins batting - Pitching for Seattle (APP) Mariners : RHP Matt Lane
|
Batting: RHB Andrew Nicol
|
0-0: Ball 1-0: Called Strike 1-1: Ball 2-1: Foul Ball, location: 2F 2-2: Fly out, F8 (Flyball, 8RD, EV 101.9 MPH)
|
Batting: LHB David Campbell
|
0-0: Ground out 3-1 (Groundball, 34D, EV 101.9 MPH)
|
Batting: RHB Jose Gracia
|
0-0: Ball 1-0: Foul Ball, location: 2F 1-1: SINGLE (Groundball, 56D, EV 103.8 MPH)
|
Pitching: LHP Adam Parrish
|
|
Batting: SHB Dan Morataya
|
0-0: Foul Ball, location: 2F 0-1: Ball 1-1: Called Strike 1-2: Ball 2-2: Strikes out swinging
|
Top of the 8th over - 0 runs, 1 hit, 0 errors, 1 left on base; Elizabethton 7 - Seattle (APP) 11 |
BOTTOM OF THE 8TH |
Seattle (APP) Mariners batting - Pitching for Elizabethton Twins : RHP Jorge Corte
|
Batting: RHB Ivan Davila
|
0-0: Ball 1-0: Ball 2-0: Ball 3-0: Base on Balls
|
Pitching: RHP Ewan Wijker
|
|
Batting: RHB John Vasquez
|
0-0: Ball 1-0: Bunt - Flyout to 23! F3
|
Batting: RHB Houston Brock
|
0-0: Fly out, F7 (Flyball, 7S, EV 95.6 MPH)
|
Batting: RHB Kikuo Sato
|
0-0: SINGLE (Flyball, 5D, EV 98.8 MPH) Ivan Davila to second
|
Batting: SHB Tony Morales
|
0-0: Fly out, F9 (Flyball, 9, EV 83.1 MPH)
|
Bottom of the 8th over - 0 runs, 1 hit, 0 errors, 2 left on base; Elizabethton 7 - Seattle (APP) 11 |
TOP OF THE 9TH |
Elizabethton Twins batting - Pitching for Seattle (APP) Mariners : LHP Adam Parrish
|
Batting: RHB Nick Phipps
|
0-0: Ball 1-0: Called Strike 1-1: Foul Ball, location: 2F 1-2: Ball 2-2: Foul Ball, location: 2F 2-2: DOUBLE (Flyball, 8RXD, EV 101.2 MPH)
|
Batting: RHB Jimmy Mayville
|
0-0: Ball 1-0: Called Strike 1-1: Ball 2-1: Called Strike 2-2: Ball 3-2: Foul Ball, location: 2F 3-2: 2-RUN HOME RUN (Flyball, 89XD, EV 96.2 MPH), Distance : 399 ft
|
Pitching: RHP In Bea
|
|
Now at 1B: Hideo Okimura
|
|
Batting: RHB Alex Belton
|
0-0: Foul Ball, location: 2F 0-1: Ball 1-1: Ball 2-1: Foul Ball, location: 2F 2-2: Ball 3-2: Base on Balls
|
Batting: LHB Jose Cotto
|
0-0: Ball 1-0: Ball 2-0: 2-RUN HOME RUN (Flyball, 9D, EV 96.9 MPH), Distance : 373 ft
|
Batting: SHB Nate Januchowski
|
0-0: Ball 1-0: Swinging Strike 1-1: Swinging Strike 1-2: Strikes out swinging
|
Batting: RHB Andrew Nicol
|
0-0: Ball 1-0: SOLO HOME RUN (Flyball, 7LD, EV 91.9 MPH), Distance : 335 ft
|
Pitching: RHP Willie Sanchez
|
|
Batting: LHB David Campbell
|
0-0: Ball 1-0: Called Strike 1-1: Foul Ball, location: 2F 1-2: Fly out, F7 (Flyball, 7LS, EV 82.5 MPH)
|
Batting: RHB Jose Gracia
|
0-0: SINGLE (Groundball, 56D, EV 96.2 MPH)
|
Batting: SHB Dan Morataya
|
0-0: Called Strike 0-1: Ball 1-1: Ball 2-1: Foul Ball, location: 2F 2-2: Ball 3-2: Base on Balls Jose Gracia to second
|
Batting: RHB Nick Phipps
|
0-0: Ball 1-0: Called Strike 1-1: DOUBLE (Groundball, 3L, EV 108.1 MPH) Jose Gracia scores Dan Morataya to third Runner from 3rd tries for Home, SAFE, no throw by RF
|
Batting: RHB Jimmy Mayville
|
0-0: Ball 1-0: Called Strike 1-1: Foul Ball, location: 2F 1-2: Strikes out looking
|
Top of the 9th over - 7 runs, 6 hits, 0 errors, 1 left on base; Elizabethton 14 - Seattle (APP) 11 |
BOTTOM OF THE 9TH |
Seattle (APP) Mariners batting - Pitching for Elizabethton Twins : RHP Ewan Wijker
|
Now at 2B: Matthew Dodson
|
|
Now at 3B: Alex Belton
|
|
Batting: RHB Tze-meng Li
|
0-0: Ball 1-0: Ball 2-0: Called Strike 2-1: Foul Ball, location: 2F 2-2: Ball 3-2: Base on Balls
|
Batting: RHB Hideo Okimura
|
0-0: Ball 1-0: Ball Balk! Tze-meng Li to second 2-0: Foul Ball, location: 2F 2-1: SINGLE (Line Drive, 9S, EV 106.9 MPH) Tze-meng Li to third
|
Batting: RHB Chris Olheiser
|
0-0: Called Strike 0-1: Ball 1-1: Fly out, F9 (Line Drive, 89M, EV 98.8 MPH)
|
Batting: RHB Enrique Valdez
|
0-0: Called Strike Balk! Tze-meng Li scores Hideo Okimura to second 0-1: Ball 1-1: Fly out, F9 (Flyball, 9S, EV 91.9 MPH)
|
Batting: RHB Ivan Davila
|
0-0: Called Strike 0-1: Foul Ball, location: 2F 0-2: Fly out, F8 (Flyball, 8RXD, EV 107.5 MPH)
|
Bottom of the 9th over - 1 run, 1 hit, 0 errors, 1 left on base; Elizabethton 14 - Seattle (APP) 12 |
|